 Dungeon Crawl Stone Soup version 0.17-a0-1954-g0dddeaa (webtiles) character file.

128 truemonolith the Cudgeler (level 5, 0/41 HPs)
             Began as a Formicid Fighter on Oct 4, 2015.
             Was a Follower of Cheibriados.
             Succumbed to a kobold's poison
             ... on level 3 of the Dungeon.
             The game lasted 00:06:30 (3067 turns).

truemonolith the Cudgeler (Formicid Fighter)        Turns: 3067, Time: 00:06:30

Health: 0/41       AC:  9    Str: 28    XL:     5   Next: 33%
Magic:  5/5        EV:  8    Int: 15    God:    Cheibriados [*.....]
Gold:   122        SH: 10    Dex: 12    Spells: 0 memorised, 4 levels left

rFire  . . .     SeeInvis +     a - +0 flail
rCold  . . .     Clarity  .     b - +0 scale mail
rNeg   . . .     SustAt   .     c - +0 shield
rPois  .         Gourm    .     (helmet unavailable)
rElec  .         Spirit   .     k - +1 cloak
rCorr  .         Warding  .     (no gloves)
rMut   .         Stasis   +     (no boots)
MR     .....                    (no amulet)
Stlth  ..........               (no ring)
                                (no ring)

@: mighty, brilliant, lethally poisoned (0 -> -27), flying (expiring), very
slow, not resistant to hostile enchantments, extremely unstealthy
A: permanent stasis, dig shafts and tunnels, four strong arms, antennae 3,
subdued magic 1
a: Dig, Shaft Self, Bend Time, Renounce Religion


You were on level 3 of the Dungeon.
You worshipped Cheibriados.
Cheibriados was aware of your devotion.
You were very full.

You visited 1 branch of the dungeon, and saw 3 of its levels.

You collected 122 gold pieces.

Inventory:

Hand weapons
 a - a +0 flail (weapon)
Armour
 b - a +0 scale mail (worn)
 c - a +0 shield (worn)
 k - a +1 cloak (worn)
Scrolls
 i - a scroll of enchant armour {unknown}
 j - a scroll of blinking {unknown}
 n - a scroll of recharging {unknown}
 r - a scroll of identify {unknown}
Potions
 d - a potion of curing {unknown}
 f - 2 potions of flight
Comestibles
 h - 3 fruits
 l - 2 meat rations
 o - a royal jelly
 q - a beef jerky


   Skills:
 - Level 3.2 Fighting
 + Level 5.1 Maces & Flails
 - Level 3.2 Armour
 - Level 3.6 Shields


You had 4 spell levels left.
You didn't know any spells.

Dungeon Overview and Level Annotations

Branches:
Dungeon (3/15)

Altars:
Cheibriados
Yredelemnul


Innate Abilities, Weirdness & Mutations

You are under a permanent stasis effect.
You can dig through walls and to a lower floor.
Your four strong arms can wield two-handed weapons with a shield.
You have a pair of large antennae on your head (SInv).
Your spells are a little easier to cast, but a little less powerful.


Message History

You feel very sick.
Items here: ( )) † a short sword of venom; a club; 2 stones; a goblin corpse You feel very sick.
* * * LOW HITPOINT WARNING * * *
You feel very sick.
There is a lethal amount of poison in your body!
You are starting to lose your buoyancy.
* * * LOW HITPOINT WARNING * * *
You feel very sick.
* * * LOW HITPOINT WARNING * * *
You feel sick.
A hobgoblin comes into view. It is wielding a club.
* * * LOW HITPOINT WARNING * * *
You feel very sick.
* * * LOW HITPOINT WARNING * * *
You feel sick.
You see here a fizzy inky potion.
d - a fizzy inky potion You die...

≈≈≈≈≈≈≈≈≈##....
≈≈≈≈≈≈≈≈≈##..........
.......P.##... ......
..#####.###..# #...#
..# #.# #..# #...# .
..# #.#
#..###...###.. #.#
#.###.............
..#
#..†).............
###
#####.....@.......
#..###...###.. #..#
#...# #..# #..g# #...
...... #...........
#..######.### ..


You could see a hobgoblin.

Vanquished Creatures
  2 gnolls (D:3)
  5 adders
  An ooze (D:1)
  3 worms
  A giant gecko (D:2)
  2 giant cockroaches
  5 hobgoblins
  6 jackals
  8 kobolds
  A quokka (D:2)
  2 ball pythons
  A bat (D:1)
  7 giant newts
  7 goblins
  9 rats
  A spectral orc (D:2)
61 creatures vanquished.

Notes
Turn   | Place    | Note
--------------------------------------------------------------
     0 | D:1      | truemonolith the Formicid Fighter began the quest for the Orb.
     0 | D:1      | Reached XP level 1. HP: 18/18 MP: 1/1
   202 | D:1      | Reached XP level 2. HP: 21/24 MP: 2/2
   951 | D:1      | Reached XP level 3. HP: 29/29 MP: 3/3
  1378 | D:2      | Reached XP level 4. HP: 35/35 MP: 4/4
  1406 | D:2      | Reached skill level 4 in Maces & Flails
  1418 | D:2      | Found a snail-covered altar of Cheibriados.
  1431 | D:2      | Became a worshipper of Cheibriados the Contemplative
  1852 | D:2      | Found a basalt altar of Yredelemnul.
  2585 | D:3      | Acquired Cheibriados's first power
  2628 | D:3      | Reached XP level 5. HP: 14/41 MP: 5/5
  3019 | D:3      | Reached skill level 5 in Maces & Flails
  3051 | D:3      | HP: 2/41 [kobold/short sword of venom (4)]
  3053 | D:3      | Gained mutation: Scrolls take you a little longer to read. [potion of mutation]
  3053 | D:3      | Lost mutation: Scrolls take you a little longer to read. [potion of mutation]
  3053 | D:3      | Gained mutation: Your spells are a little easier to cast, but a little less powerful. [potion of mutation]
  3066 | D:3      | HP: 2/41 [poisoned by a kobold]
  3067 | D:3      | Succumbed to a kobold's poison

Vault maps used:
D:1:      roderic_dead_forest
D:2:      cheibriados_altar_1, yredelemnul_forgotten_temple_becter
D:3:      lemuel_castle_with_subvaults, ecumenical_altar_2, first_bread,
          kennysheep_boxes

Action                   |  1- 3 |  4- 6 || total
-------------------------+-------+-------++-------
Melee: Flail             |   106 |   141 ||   247
  Use: Potion            |       |     5 ||     5
  Eat: Chunk             |     1 |       ||     1
       Bread ration      |       |     3 ||     3
